 Dungeon Crawl Stone Soup version 0.31-a0-986-g5e6e4ef867 (webtiles) character file.

Game seed: 4473614474766066912

100 gelatine the Trooper (level 4, 0/35 HPs)
             Began as a Demonspawn Fighter on Nov 17, 2023.
             Slain by a gnoll
             ... wielding a +0 spear
              (5 damage)
             ... on level 3 of the Dungeon.
             The game lasted 00:06:25 (1714 turns).

gelatine the Trooper (Demonspawn Fighter)           Turns: 1714, Time: 00:06:26

Health: 0/35       AC:  5    Str: 18    XL:     4   Next: 47%
Magic:  4/4        EV: 10    Int:  9    God:
Gold:   113        SH:  4    Dex: 13    Spells: 3/3 levels left

rFire   . . .        a - +0 war axe
rCold   . . .        c - +0 buckler
rNeg    . . .        n - +0 ring mail
rPois   .            (no helmet)
rElec   .            (no cloak)
rCorr   .            (no gloves)
SInv    .            (no boots)
Will    .....        (no amulet)
Stlth   +            (no ring)
HPRegen 0.25/turn    (no ring)
MPRegen 0.09/turn

%: no passive effects
@: brilliant
A: hooves 1
a: no special abilities


You were on level 3 of the Dungeon.
You visited 1 branch of the dungeon, and saw 3 of its levels.

You collected 113 gold pieces.

Inventory:

Hand Weapons
 a - a +0 war axe (weapon)
Missiles
 e - 3 javelins
 i - 16 stones (quivered)
 p - 4 datura-tipped darts
Armour
 b - a +0 scale mail
 c - a +0 buckler (worn)
 n - a +0 ring mail (worn)
Scrolls
 f - a scroll of noise {unknown}
 g - 4 scrolls of identify {unknown}
 h - a scroll of fear {unknown}
 j - a scroll of revelation {unknown}
 k - a scroll of amnesia {unknown}
 o - 2 scrolls of enchant weapon {unknown}
Potions
 d - a potion of might
 m - 2 potions of ambrosia


   Skills:
 * Level 3.4 Fighting
 * Level 2.8 Axes
 * Level 3.1 Armour
 * Level 0.5 Dodging
 * Level 0.8 Stealth
 * Level 3.1 Shields
 * Level 0.3 Spellcasting


You had 3 spell levels left.
You didn't know any spells.
Your spell library contained the following spells:

 Spells                   Type           Power      Damage    Failure   Level
 Ensorcelled Hibernation  Hex/Ice        0%         N/A       78%         2
 Passwall                 Tmut/Erth      0%         N/A       78%         2
 Hailstorm                Conj/Ice       0%         3d3       95%         3
 Swiftness                Air            0%         N/A       95%         3
 Summon Ice Beast         Ice/Summ       0%         N/A       100%        4
 Simulacrum               Ice/Necr       0%         N/A       100%        6


Dungeon Overview and Level Annotations

Branches:
Dungeon (3/15)

Altars:


Innate Abilities, Weirdness & Mutations

You have large cloven feet.


Message History

You're too confused to move!
The gnoll barely misses you. The gnoll hits you with a +0 spear.
* * * LOW HITPOINT WARNING * * *
You barely miss the gnoll. You kick the gnoll.
The gnoll is almost dead.
The gnoll hits you from afar with a +0 spear!
* * * LOW HITPOINT WARNING * * *
The gnoll hits you with a +0 spear.
* * * LOW HITPOINT WARNING * * *
The gnoll hits you from afar with a +0 spear.
* * * LOW HITPOINT WARNING * * *
It was a potion of curing.
You feel better.
You feel less invigorated. The gnoll hits you with a +0 spear.
* * * LOW HITPOINT WARNING * * *
You block the gnoll's attack.
It was a potion of brilliance.
You feel clever all of a sudden. The gnoll hits you but does no damage.
You block the gnoll's attack.
You slash the gnoll!
You kill the gnoll!
The gnoll hits you but does no damage. The gnoll hits you with a +0 spear.
* * * LOW HITPOINT WARNING * * *
Things that are here:
a +0 spear; a gnoll corpse You hit the gnoll.
You kick the gnoll, but do no damage.
The gnoll is moderately wounded.
You block the gnoll's attack.
You barely miss the gnoll. Your kick misses the gnoll.
The gnoll is moderately wounded.
The gnoll hits you with a +0 spear.
* * * LOW HITPOINT WARNING * * *
The gnoll closely misses you.
You barely miss the gnoll.
The gnoll is moderately wounded.
You block the gnoll's attack.
You hit the gnoll.
The gnoll is severely wounded.
The gnoll hits you with a +0 spear.
You die...

#.###..## #...gg.#
##.#.#.... ##.# ..
. #..# .... #.##..
#.# #g##.. #..
#g##.# #.#########
#@##.# #.##.......
#.##.# #.##.######
#.##.# #.##.#
#.##.###.##.#
#.##.##..##.####
#......#.##....###
####.....#####....
##.##.## #####
#......#########


You could see 2 gnolls.

Vanquished Creatures
  3 adders (D:2)
  A gnoll (D:3)
  A dart slug (D:1)
  An orc (D:3)
  2 endoplasms
  8 goblins
  6 hobgoblins
  4 jackals (D:2)
  5 kobolds
  2 quokkas
  11 ball pythons
  5 bats
  4 frilled lizards
  3 rats
56 creatures vanquished.

Notes
Turn   | Place    | Note
-------+----------+-------------------------------------------
     0 | D:1      | gelatine the Demonspawn Fighter began the quest for the
                  | Orb.
     0 | D:1      | Reached XP level 1. HP: 18/18 MP: 1/1
   186 | D:1      | Gained mutation: You have large cloven feet. [demonic
                  | ancestry]
   186 | D:1      | Reached XP level 2. HP: 8/24 MP: 2/2
   698 | D:1      | Reached XP level 3. HP: 29/29 MP: 3/3
  1053 | D:2      | Reached XP level 4. HP: 19/35 MP: 4/4
  1706 | D:3      | HP: 1/35 [gnoll/+0 spear (4)]
  1714 | D:3      | Slain by a gnoll

Illustrated notes

Levels and vault maps discovered:
D:1:      minmay_arrival_stair_chambers, layout_basic
D:2:      layout_loops_ring
D:3:      layout_loops_ring, minitemple, corner_web_ring, minmay_misc_feat_five

Skill      XL: |  1  2  3 |
---------------+----------+-----
Shields        | 3 |  3.1
Axes           | 2 |  2.8
Armour         | 3 |  3.1
Fighting       | |  3.4
Dodging        | |  0.5
Stealth        | |  0.8
Spellcasting   | |  0.3

Action                     |  1- 3 |  4- 6 || total
---------------------------+-------+-------++-------
  Melee: War axe           |   105 |    36 ||   141
         Kick              |    18 |    11 ||    29
  Throw: Stone             |     5 |     1 ||     6
         Javelin           |     3 |       ||     3
    Use: Potion            |       |     3 ||     3
 Armour: Scale mail        |    76 |    10 ||    86
         Ring mail         |       |    35 ||    35
  Dodge: Dodged            |    50 |    21 ||    71
  Block: Buckler           |    28 |    23 ||    51

Table legend: (Time is in decaauts)
 A = Elapsed time spent in this place.
 B = Non-inter-level travel time spent in this place.
 C = Inter-level travel time spent in this place.
 D = Time resting spent in this place.
 E = Time spent auto-exploring this place.
 F = Levels seen in this place.
 G = Mean time per level.
                   A        B        C        D        E       F      G
               +--------+--------+--------+--------+--------+-----+--------+
         Total |   1775 |   1717 |     58 |      0 |   1254 |   3 |  591.7 |
       Dungeon |   1775 |   1717 |     58 |      0 |   1254 |   3 |  591.7 |
               +--------+--------+--------+--------+--------+-----+--------+

Top non-repeatable levels by time:
     D:1: 821 daAuts
     D:2: 768 daAuts
     D:3: 186 daAuts
